 Dungeon Crawl Stone Soup version 0.30.1-4-g462c640d31 (webtiles) character file.

Game seed: 6380798062964757139

134237 Amplified the Spry (level 16, -2/133 HPs)
             Began as a Demonspawn Warper on Aug 27, 2023.
             Was an Initiate of Gozag.
             Slain by an air elemental (4 damage)
             ... while paralysed by an air elemental
             ... on level 1 of the Elven Halls.
             The game lasted 01:03:18 (30376 turns).

Amplified the Spry (Demonspawn Warper)             Turns: 30376, Time: 01:03:19

Health: -2/133     AC:  9    Str: 19    XL:     16   Next: 61%
Magic:  39/40      EV:  2    Int: 29    God:    Gozag
Gold:   1078       SH:  0    Dex: 15    Spells: 28/37 levels left

rFire   + + +        R - +7 broad axe (elec)
rCold   + . .        (no shield)
rNeg    + + .        q - +3 leather armour {rC+}
rPois   +            I - +0 mask of the Dragon {Will+ Slay+3 SInv}
rElec   .            e - scarf of the Cricket {repulsion, rPois}
rCorr   .            (gloves unavailable)
SInv    +            v - +1 pair of boots "Aciqul" {+Blink rN+}
Will    ++...        w - amulet of magic regeneration
Stlth   +            W - ring "Baluow" {*Corrode rF++ MP+9 Int+7}
HPRegen 1.42/turn    d - ring "Dinav" {rF+ rN+ Dex+3}
MPRegen 0.67/turn

%: corrode self (3%), repel missiles
@: paralysed, mighty, gold aura, hasted, studying 2 skills
A: claws 3, ignite blood 2, powered by death 2, big brain 2, bedeviling, beak,
clever 1, MP-powered wands
a: Renounce Religion, Evoke Blink, Potion Petition, Call Merchant, Bribe Branch


You were on level 1 of the Elven Halls.
You worshipped Gozag.
Gozag was most pleased with you.
You visited 5 branches of the dungeon, and saw 24 of its levels.
You also visited: Sewer, Ossuary and Bailey.

You collected 10098 gold pieces.
You spent 5226 gold pieces at shops.
You paid 3794 gold pieces to Gozag.

Inventory:

Hand Weapons
 t - a +1 demon whip of venom
 R - a +7 broad axe of electrocution (weapon)
Missiles
 k - 18 poisoned darts
 r - 3 throwing nets
 s - 2 curare-tipped darts (quivered)
Armour
 e - the scarf of the Cricket (worn) {repulsion, rPois}
   (You acquired it on level 1 of the Lair of Beasts)

   rPois:     It protects you from poison.
 i - a +0 kite shield
 q - a +3 leather armour of cold resistance (worn)
 v - the +1 pair of boots "Aciqul" (worn) {+Blink rN+}
   (You found it on level 9 of the Dungeon)

   rN:        It protects you from negative energy.
   +Blink:    It lets you blink.
 D - a +0 kite shield of reflection
 H - the +2 scale mail of Xom's Grace {Contam Rampage rN++ SInv}
   (You bought it in a shop on level 7 of the Dungeon)

   rN:        It greatly protects you from negative energy.
   SInv:      It lets you see invisible.
   Contam:    It causes magical contamination when unequipped.
   Rampage:   It bestows one free step when moving towards enemies.
 I - the +0 mask of the Dragon (worn) {Will+ Slay+3 SInv}
   (You bought it in a shop on level 7 of the Dungeon)

   Slay:      It affects your accuracy & damage with ranged weapons and melee
   (+3).
   SInv:      It lets you see invisible.
   Will:      It increases your willpower.
 Y - the +3 tower shield "Pulaopusy" {+Inv rElec rN+ Int+2}
   (You found it on level 15 of the Dungeon)

   Int:       It affects your intelligence (+2).
   rElec:     It insulates you from electricity.
   rN:        It protects you from negative energy.
   +Inv:      It lets you turn invisible.
Jewellery
 d - the ring "Dinav" (right claw) {rF+ rN+ Dex+3}
   (You bought it in a shop on level 15 of the Dungeon)

   [ring of positive energy]

   Dex:       It affects your dexterity (+3).
   rF:        It protects you from fire.
   rN:        It protects you from negative energy.
 j - a +6 ring of intelligence
 m - a ring of poison resistance
 w - an amulet of magic regeneration (around neck)
 y - a ring of flight
 A - the amulet "Pajod" {Spirit rC+}
   (You found it on level 9 of the Dungeon)

   [amulet of guardian spirit]

   It causes incoming damage to be divided between your reserves of health and
   magic.
   rC:        It protects you from cold.
 M - an amulet of reflection
 O - a ring of fire
 Q - the amulet "Nemibie" {Acrobat +Inv}
   (You found it on level 1 of the Orcish Mines)

   [amulet of the acrobat]

   It increases your evasion while moving and waiting.
   +Inv:      It lets you turn invisible.
 U - a ring of protection from cold
 W - the ring "Baluow" (left claw) {*Corrode rF++ MP+9 Int+7}
   (You found it on level 13 of the Dungeon)

   [ring of magical power]

   Int:       It affects your intelligence (+7).
   rF:        It greatly protects you from fire.
   MP:        It affects your magic capacity (+9).
   *Corrode:  It may corrode you when you take damage.
Wands
 F - a wand of acid (3)
 J - a wand of flame (5)
 S - a wand of iceblast (5)
 V - a wand of paralysis (4)
 X - a wand of polymorph (6)
Scrolls
 c - 3 scrolls of magic mapping
 f - 3 scrolls of identify
 g - 4 scrolls of vulnerability
 h - 8 scrolls of teleportation
 x - 6 scrolls of amnesia
 z - 4 scrolls of enchant armour
 B - 5 scrolls of poison
 C - 2 scrolls of silence
 E - 3 scrolls of fog
 G - 3 scrolls of brand weapon
 N - 2 scrolls of blinking
 P - 4 scrolls of fear
 Z - a scroll of enchant weapon
Potions
 a - a potion of resistance
 b - a potion of cancellation
 n - a potion of invisibility
 p - 4 potions of flight
 u - 4 potions of brilliance
 K - 4 potions of mutation
 L - 2 potions of might
 T - 4 potions of curing


   Skills:
 * Level 14.2 Fighting
 - Level 12.2 Maces & Flails
 * Level 8.0 Throwing
 - Level 8.1 Armour
 - Level 15.2 Dodging
 * Level 2.1 Shields
 * Level 11.4 Spellcasting
 - Level 11.8 Translocations
 - Level 3.0 Transmutations
 - Level 2.9 Fire Magic
 - Level 3.2 Poison Magic


You had 28 spell levels left.
You knew the following spells:

 Your Spells              Type           Power      Damage    Failure   Level
a - Blink                 Tloc           100%       N/A       1%          2
b - Manifold Assault      Tloc           71%        N/A       1%          4
c - Ignite Poison         Fire/Tmut/Pois 34%        N/A       3%          3

Your spell library contained the following spells:

 Spells                   Type           Power      Damage    Failure   Level
 Apportation              Tloc           100%       N/A       1%          1
 Lesser Beckoning         Tloc           100%       N/A       1%          2
 Teleport Other           Tloc           71%        N/A       1%          3
 Vhi's Electric Charge    Tloc/Air       100%       N/A       1%          3
 Volatile Blastmotes      Fire/Tloc      100%       2d18      1%          3
 Passage of Golubria      Tloc           71%        N/A       1%          4
 Magic Dart               Conj           64%        1d6       3%          1
 Necrotise                Necr           64%        1d7       3%          1
 Shock                    Conj/Air       64%        1d7       3%          1
 Summon Small Mammal      Summ           64%        N/A       3%          1
 Cigotuvi's Dreadful Rot  Necr/Pois/Air  44%        N/A       3%          2
 Iskenderun's Mystic Bla  Conj/Tloc      50%        2d11      3%          4
 Searing Ray              Conj           32%        2d5       5%          2
 Sublimation of Blood     Necr           16%        N/A       5%          2
 Inner Flame              Hex/Fire       37%        N/A       6%          3
 Olgreb's Toxic Radiance  Pois           35%        N/A       10%         4
 Hailstorm                Conj/Ice       16%        3d6       11%         3
 Swiftness                Air            16%        N/A       11%         3
 Tukima's Dance           Hex            24%        N/A       11%         3
 Vampiric Draining        Necr           16%        2d7       11%         3
 Flame Wave               Conj/Fire      25%        2d8       21%         4
 Ice Form                 Ice/Tmut       25%        N/A       21%         4
 Petrify                  Tmut/Erth      25%        N/A       21%         4
 Sticky Flame             Conj/Fire      25%        2d5       21%         4
 Airstrike                Air            8%         2d(2-18)  36%         4
 Cause Fear               Hex            12%        N/A       36%         4
 Fulminant Prism          Conj/Hex       12%        3d8       36%         4
 Fireball                 Conj/Fire      12%        3d7       50%         5
 Irradiate                Conj/Tmut      12%        3d15      50%         5
 Yara's Violent Unravell  Hex/Tmut       18%        3d9       50%         5
 Agony                    Necr           16%        N/A       71%         5
 Freezing Cloud           Conj/Ice/Air   8%         6-21      71%         5
 Iskenderun's Battlesphe  Conj           16%        2d7       71%         5
 Lee's Rapid Deconstruct  Erth           8%         3d7*      71%         5
 Conjure Ball Lightning   Conj/Air       8%         3x3d6     99%         6
 Dragon Form              Tmut           17%        N/A       100%        7
 Orb of Destruction       Conj           8%         9d6       100%        7
 Borgnjor's Revivificati  Necr           8%         N/A       100%        8
 Discord                  Hex            12%        N/A       100%        8
 Ignition                 Fire           16%        3d7       100%        8
 Necromutation            Tmut/Necr      12%        N/A       100%        8
 Death's Door             Necr           8%         N/A       100%        9
 Dragon's Call            Summ           8%         N/A       100%        9
 Simulacrum               Ice/Necr       Unusable   N/A       N/A         6

Dungeon Overview and Level Annotations

Branches:
Dungeon (15/15)            Temple (1/1) D:6            Lair (5/5) D:8
 Shoals (0/4) Lair:3       Spider (0/4) Lair:3        Slime (0/5) Lair:4
    Orc (2/2) D:10            Elf (1/3) Orc:2        Vaults (0/5) D:13
 Depths (0/4) D:15          Sewer (visited)         Ossuary (visited)
 Bailey (visited)

Altars:
Ashenzari
Cheibriados
Dithmenos
Fedhas
Gozag
Hepliaklqana
Kikubaaqudgha
Makhleb
Nemelex Xobeh
Okawaru
Qazlal
Ru
Sif Muna
Trog
Uskayaw
Vehumet
Xom
Yredelemnul
Jiyva
Lugonu

Shops:
D:7 [   D:9 :   D:15 ?*=   Orc:2 ((:[

Portals:
Abyss: Lair:5


Innate Abilities, Weirdness & Mutations

You have claws for hands.
Your demonic aura often causes spilled blood to erupt in flames.
You regenerate health from kills.
You have an extremely huge brain. (Int +4)
Your hexes are more powerful.
You have a beak for a mouth.
Your mind is acute. (Int +4, Str/Dex -1)
You expend magic power (3 MP) to strengthen your wands.


Message History

The +2 halberd of freezing barely misses you.
You barely miss the +2 halberd of freezing.
Your peck misses the +2 halberd of freezing.
The +2 halberd of freezing is almost destroyed.
The +2 halberd of freezing hits you!!
* * * LOW HITPOINT WARNING * * *
The +2 halberd of freezing freezes you.
* * * LOW HITPOINT WARNING * * *
The +2 halberd of freezing closely misses you.
Casting: Manifold Assault (safe; 1% risk of failure)
Confirm with . or Enter, or press ? or * to list all spells.
Space momentarily warps into an impossible shape!
You miss the +2 halberd of freezing.
The +2 halberd of freezing closely misses you.
Unknown command.
Okay, then. [a] - 675 gold - lignification, might, resistance and invisibility [b] - 696 gold - invisibility, might, brilliance and magic [c] - 315 gold - haste and heal wounds Purchase which effect?
You feel yourself speed up.
You feel much better.
The +2 halberd of freezing barely misses you.
The +2 halberd of freezing hits you!!
* * * LOW HITPOINT WARNING * * *
The +2 halberd of freezing freezes you!
* * * LOW HITPOINT WARNING * * *
Unknown command.
You slash the +2 halberd of freezing!
The +2 halberd of freezing turns to gold and falls from the air.
The air elemental is engulfed in blazing flames.
The air elemental hits you but does no damage.
The air elemental is engulfed in blazing flames.
The air elemental fires a burst of electricity at you.
The stunning burst hits you!!
You suddenly lose the ability to move!
* * * LOW HITPOINT WARNING * * *
Your Throwing skill increases to level 8!
The air elemental is engulfed in blazing flames.
The air elemental hits you.
You die...
Your body crumbles into a pile of gold.

#. #. ###### #.
.....# .. .....
#. E.. #.##(#
#.#.# .#.E#######
$ #..#@○....##
#.........>.#
#...#......####
#.#.#######....##
..### #...)..#
#.# ##......# ..
..........#######
####......)......
##....########


You could see an air elemental.

Vanquished Creatures
  Gastronok (Orc:1)
  Frances (D:14)
  Donald (Orc:2)
  An orc warlord (Orc:1)
  A stone giant (Orc:1)
  Azrael (Elf:1)
  3 ettins
  Fannar (Orc:1)
  6 hydras
  3 alligators
  An anaconda (Lair:1)
  6 centaur warriors
  2 catoblepae
  4 ogre magi (Orc:2)
  21 two-headed ogres
  5 death yaks
  2 boulder beetles
  A dancing weapon (Elf:1)
  2 tengu warriors
  4 thrashing horrors (Lair:5)
  Nergalle (Lair:1)
  A deep elf knight (D:13)
  Amaemon (Lair:1)
  3 skysharks
  A pharaoh ant (Lair:3)
  A skeletal warrior (D:13)
  A deep elf archer (Elf:1)
  4 lindwurms
  A wizard (D:15)
  A necromancer (D:15)
  8 deep elf pyromancers
  3 harpies (Lair:3)
  4 deep elf zephyrmancers
  3 orc knights
  4 orc sorcerers
  17 cyclopes
  A manticore (D:12)
  20 ugly things
  10 black mambas
  9 elephants
  A naga mage (D:15)
  2 smoke demons (Lair:5)
  An orange demon (Lair:1)
  8 cane toads
  3 torpor snails
  4 rime drakes
  4 centaur skeletons
  An unseen horror (shapeshifter) (Lair:5)
  11 komodo dragons
  8 yaktaurs
  2 efreet (D:15)
  A queen bee (shapeshifter) (D:13)
  An ancient zyme (Lair:5)
  A tengu conjurer (D:14)
  9 trolls
  3 meliai (D:14)
  2 polar bears
  2 tyrant leeches (D:13)
  38 blink frogs
  Grinder (D:4)
  Sigmund (D:6)
  A jumping spider (shapeshifter) (Lair:5)
  A jumping spider (Lair:3)
  2 vampires (D:12)
  3 wyverns
  12 slime creatures
  A water elemental (Elf:1)
  2 wraiths (D:12)
  2 shadows
  2 ynoxinuls (Lair:5)
  Eustachio (D:5)
  3 fire elementals (Elf:1)
  37 yaks
  A golden eye (D:9)
  A golden eye (shapeshifter) (D:14)
  7 vampire mosquitoes
  13 basilisks
  2 steam dragons
  7 wargs (Orc:1)
  A redback (Lair:3)
  A chaos spawn (Lair:5)
  24 water moccasins
  Edmund (D:4)
  3 acid dragons
  Pargi (Sewer)
  An ice beast (D:5)
  6 hell hounds
  18 orc warriors
  3 sky beasts
  35 ogres
  18 wolves
  25 centaurs
  A phantom (D:5)
  The ghost of Quickbrownfox the Conjurer, an amateur DsCj (D:3)
  An elf zombie (Ossuary)
  3 gnoll sergeants
  A kobold brigand (D:10)
  Blork the orc (D:5)
  13 bullfrogs
  5 scorpions
  3 wights (D:8)
  16 killer bees
  A howler monkey (D:10)
  6 electric eels
  A crimson imp (D:6)
  4 centaur zombies
  4 jellies
  A human zombie (Ossuary)
  11 orc priests
  6 hounds
  Crazy Yiuf (D:3)
  3 gnoll boudas
  A sleepcap (D:7)
  4 iguanas
  19 orc wizards
  A hell rat (Lair:2)
  A boggart skeleton (D:15)
  10 small abominations (Lair:5)
  3 mummies
  Robin (D:4)
  10 adders
  29 gnolls
  A river rat (D:3)
  A white imp (D:5)
  An adder zombie (Ossuary)
  9 worms
  3 dart slugs
  78 orcs
  5 bats
  8 endoplasms
  4 giant cockroaches
  12 hobgoblins
  10 jackals
  14 kobolds
  6 quokkas
  15 ball pythons
  11 frilled lizards
  9 goblins
  2 goblin zombies (Ossuary)
  8 hobgoblin zombies (Ossuary)
  A jackal zombie (Ossuary)
  8 kobold zombies (Ossuary)
  11 orc zombies (Ossuary)
  8 rats
  A rat zombie (Ossuary)
888 creatures vanquished.

Vanquished Creatures (others)
  A centaur skeleton (D:13)
  2 slime creatures (D:15)
  A yak (D:11)
  A basilisk (D:15)
  An orc wizard (D:10)
  2 jackals (D:13)
  3 kobolds (D:10)
11 creatures vanquished.

Grand Total: 899 creatures vanquished

Notes
Turn   | Place    | Note
-------+----------+-------------------------------------------
     0 | D:1      | Amplified the Demonspawn Warper began the quest for the
                  | Orb.
     0 | D:1      | Reached XP level 1. HP: 16/16 MP: 3/3
   107 | D:1      | Reached skill level 1 in Armour
   172 | D:1      | Gained mutation: You have sharp fingernails. [demonic
                  | ancestry]
   172 | D:1      | Reached XP level 2. HP: 19/22 MP: 5/5
   398 | D:1      | Reached skill level 2 in Dodging
   678 | D:1      | Reached XP level 3. HP: 22/27 MP: 6/6
   933 | D:1      | Learned a level 2 spell: Blink
  1615 | D:3      | Found a glowing drain.
  1663 | D:3      | Gained mutation: Your demonic aura sometimes causes spilled
                  | blood to erupt in flames. [demonic ancestry]
  1663 | D:3      | Reached XP level 4. HP: 23/34 MP: 7/7
  1734 | D:3      | Found a hazy altar of Hepliaklqana.
  1762 | D:3      | Found a runed translucent gate.
  1763 | D:3      | Found a runed translucent gate.
  1765 | D:3      | Found a runed translucent gate.
  1765 | D:3      | Noticed Quickbrownfox's ghost (amateur DsCj)
  1766 | D:3      | Identified the +2 scale mail of Beyond {rC+ Dex+3}
  1831 | Sewer    | Entered a sewer
  1867 | Sewer    | Noticed Pargi
  1884 | Sewer    | Killed Pargi
  1885 | Sewer    | Reached XP level 5. HP: 40/40 MP: 7/9
  2189 | D:3      | Found a runed translucent door.
  2190 | D:3      | Noticed Crazy Yiuf
  2760 | D:4      | Noticed Edmund
  2858 | D:4      | Gained mutation: Your demonic aura often causes spilled
                  | blood to erupt in flames. [demonic ancestry]
  2858 | D:4      | Reached XP level 6. HP: 46/47 MP: 10/10
  2858 | D:4      | Noticed Grinder
  2864 | D:4      | Noticed Robin
  2991 | D:4      | Gained mutation: You are vulnerable to cold. (rC-) [potion
                  | of mutation]
  2991 | D:4      | Gained mutation: Your movements are slightly less
                  | encumbered by armour. (ER -2) [potion of mutation]
  2991 | D:4      | Gained mutation: You are somewhat resistant to further
                  | mutation. [potion of mutation]
  2996 | D:4      | Found a sand-covered staircase.
  3002 | Ossuary  | Entered an ossuary
  3321 | Ossuary  | Reached skill level 3 in Dodging
  3549 | Ossuary  | Gained mutation: You have an unusually large brain. (Int
                  | +2) [demonic ancestry]
  3549 | Ossuary  | Reached XP level 7. HP: 46/52 MP: 12/12
  3744 | D:4      | Killed Edmund
  3821 | D:5      | Entered Level 5 of the Dungeon
  4014 | D:4      | Killed Grinder
  4321 | D:4      | Identified the ring "Soacos" {+Blink Str+4 SInv Stlth-}
  4677 | D:5      | Learned a level 4 spell: Manifold Assault
  4711 | D:5      | Gained mutation: You have very sharp fingernails. [demonic
                  | ancestry]
  4711 | D:5      | Reached XP level 8. HP: 56/60 MP: 13/13
  4773 | D:5      | Noticed Eustachio
  4794 | D:5      | Killed Eustachio
  4804 | D:5      | Reached skill level 4 in Dodging
  4942 | D:5      | Lost mutation: Your movements are slightly less encumbered
                  | by armour. (ER -2) [potion of mutation]
  4942 | D:5      | Lost mutation: You are somewhat resistant to further
                  | mutation. [potion of mutation]
  4942 | D:5      | Lost mutation: You are vulnerable to cold. (rC-) [potion of
                  | mutation]
  4942 | D:5      | Gained mutation: Your mind is acute. (Int +4, Str/Dex -1)
                  | [potion of mutation]
  4942 | D:5      | Gained mutation: You have a beak for a mouth. [potion of
                  | mutation]
  4942 | D:5      | Gained mutation: You expend magic power (3 MP) to
                  | strengthen your wands. [potion of mutation]
  5368 | D:5      | Found a stormy altar of Qazlal.
  5368 | D:5      | Found a shimmering blue altar of Sif Muna.
  5376 | D:5      | Found a faded altar of an unknown god.
  5378 | D:5      | Found a faded altar of an unknown god.
  5379 | D:5      | Found a sacrificial altar of Ru.
  5690 | D:5      | Reached skill level 5 in Translocations
  5748 | D:5      | Noticed Blork the orc
  5757 | D:5      | Killed Blork the orc
  5758 | D:5      | Reached skill level 5 in Fighting
  6352 | D:6      | Gained mutation: You regenerate a little health from kills.
                  | [demonic ancestry]
  6352 | D:6      | Reached XP level 9. HP: 47/68 MP: 16/16
  6471 | D:6      | Found a shimmering altar of Xom.
  6495 | D:6      | Found a snail-covered altar of Cheibriados.
  6863 | D:6      | Found a burning altar of Makhleb.
  6863 | D:6      | Found a radiant altar of Vehumet.
  6921 | D:6      | Noticed Sigmund
  6932 | D:6      | Killed Sigmund
  6933 | D:6      | Reached skill level 5 in Spellcasting
  7005 | D:6      | Found a staircase to the Ecumenical Temple.
  7013 | Temple   | Entered the Ecumenical Temple
  7065 | Temple   | Became a worshipper of Gozag Ym Sagoz the Greedy
  7104 | D:6      | Reached skill level 5 in Dodging
  7210 | D:7      | Reached skill level 5 in Maces & Flails
  7226 | D:7      | Found Fighesh's Antique Armour Shop.
  7549 | D:7      | Found a flagged portal.
  7576 | D:7      | Reached skill level 5 in Armour
  7592 | Bailey   | Entered a bailey
  7613 | Bailey   | Noticed an orc warlord
  7627 | Bailey   | Noticed an orc knight
  8449 | D:8      | Found a staircase to the Lair.
  8477 | D:8      | Gained mutation: You regenerate health from kills. [demonic
                  | ancestry]
  8477 | D:8      | Reached XP level 10. HP: 61/76 MP: 18/18
  8590 | D:8      | Noticed a two-headed ogre
  8596 | D:8      | Killed a two-headed ogre
  9175 | D:9      | Identified the amulet "Pajod" {Spirit rC+}
  9182 | D:9      | Found Tuneur's Tremendous Tomes.
  9372 | D:9      | Reached skill level 6 in Dodging
  9681 | D:9      | Identified the +1 pair of boots "Aciqul" {+Blink rN+}
  9967 | D:10     | Entered Level 10 of the Dungeon
 10162 | D:7      | Bought the +0 mask of the Dragon {Will+ Slay+3 SInv} for
                  | 1135 gold pieces
 10162 | D:7      | Found the +0 mask of the Dragon {Will+ Slay+3 SInv}
 10226 | D:4      | Killed Robin
 10533 | D:3      | Killed Quickbrownfox's ghost
 10601 | D:3      | Killed Crazy Yiuf
 11417 | D:10     | Reached XP level 11. HP: 63/84 MP: 21/21
 11531 | D:10     | Found a staircase to the Orcish Mines.
 11783 | D:7      | Bought a fading scale mail for 306 gold pieces
 11783 | D:7      | Identified the +1 scale mail of the Slightly Bent {*Slow
                  | rN++ rCorr} (You bought it in a shop on level 7 of the
                  | Dungeon)
 12646 | D:11     | Reached skill level 7 in Dodging
 12852 | D:11     | Noticed a two-headed ogre
 12862 | D:11     | Killed a two-headed ogre
 13291 | D:7      | Bought a heavily runed scale mail for 306 gold pieces
 13291 | D:7      | Identified the +2 scale mail of Xom's Grace {Contam Rampage
                  | rN++ SInv} (You bought it in a shop on level 7 of the
                  | Dungeon)
 13406 | D:12     | Noticed a green ugly thing
 13516 | Lair:1   | Entered Level 1 of the Lair of Beasts
 13621 | Orc:1    | Entered Level 1 of the Orcish Mines
 13871 | Lair:1   | Noticed Amaemon
 14341 | Lair:2   | Reached XP level 12. HP: 44/94 MP: 23/23
 14392 | Lair:2   | Noticed a death yak
 14715 | Lair:1   | Reached skill level 8 in Dodging
 14901 | Lair:1   | Killed Amaemon
 15348 | Lair:1   | Learned a level 3 spell: Ignite Poison
 15428 | Lair:1   | Noticed Nergalle
 15625 | Lair:1   | Killed Nergalle
 15626 | Lair:1   | Reached skill level 1 in Transmutations
 15626 | Lair:1   | Reached skill level 1 in Fire Magic
 15626 | Lair:1   | Reached skill level 1 in Poison Magic
 15916 | Lair:1   | Noticed an alligator
 15964 | Lair:1   | Noticed an anaconda
 15982 | Lair:1   | Killed an anaconda
 16273 | Lair:1   | Killed an alligator
 16318 | Lair:1   | Noticed a death yak
 16321 | Lair:1   | Noticed a death yak
 16453 | Lair:2   | Acquired the scarf of the Cricket {repulsion, rPois}
 16523 | Lair:2   | Noticed a catoblepas
 16534 | Lair:2   | Gained mutation: You have claws for hands. [demonic
                  | ancestry]
 16534 | Lair:2   | Reached XP level 13. HP: 91/101 MP: 25/25
 16908 | Lair:2   | Identified the +4 long sword of Turmoil {pain, *Rage Will++
                  | Str+3}
 17325 | Lair:2   | Reached skill level 9 in Dodging
 17626 | Lair:3   | Found a hole to the Spider Nest.
 17641 | Lair:3   | Found a staircase to the Shoals.
 17674 | Lair:3   | Reached skill level 10 in Fighting
 19173 | Lair:4   | Reached skill level 10 in Dodging
 19453 | Lair:4   | Found a viscous altar of Jiyva.
 19453 | Lair:4   | Found a staircase to the Slime Pits.
 19659 | Lair:5   | Entered Level 5 of the Lair of Beasts
 20482 | Lair:5   | Gained mutation: You have an extremely huge brain. (Int +4)
                  | [demonic ancestry]
 20482 | Lair:5   | Reached XP level 14. HP: 109/111 MP: 15/26
 20522 | Lair:5   | Reached skill level 10 in Translocations
 20532 | Lair:5   | Reached skill level 11 in Dodging
 20658 | Lair:5   | Reached skill level 10 in Maces & Flails
 22103 | Lair:5   | Reached skill level 12 in Dodging
 22297 | Lair:5   | Found a corrupted altar of Lugonu.
 22297 | Lair:5   | Found a one-way gate to the infinite horrors of the Abyss.
 22972 | Orc:1    | Found a shimmering altar of Xom.
 23530 | Orc:1    | Noticed a stone giant
 23536 | Orc:1    | Killed a stone giant
 23546 | Orc:1    | Reached skill level 13 in Dodging
 23615 | Orc:1    | Identified the amulet "Nemibie" {Acrobat +Inv}
 23633 | Orc:1    | Identified the +4 glaive "Nohusi" {flame, Int+2}
 23709 | Orc:1    | Noticed Gastronok
 23723 | Orc:1    | Killed Gastronok
 23724 | Orc:1    | Reached XP level 15. HP: 102/121 MP: 4/27
 23993 | Orc:1    | Noticed Fannar
 23997 | Orc:1    | Killed Fannar
 24529 | Orc:2    | Entered Level 2 of the Orcish Mines
 25062 | Orc:2    | Found a staircase to the Elven Halls.
 25176 | Orc:2    | Reached skill level 14 in Dodging
 25236 | Orc:2    | Noticed Donald
 25244 | Orc:2    | Killed Donald
 25297 | Orc:2    | Found Byvirim's Weapon Emporium.
 25297 | Orc:2    | Found Useditan's Weapon Shop.
 25299 | Orc:2    | Found Itowny's Book Shop.
 25299 | Orc:2    | Found Siysm's Armour Shoppe.
 25319 | Orc:2    | Bought a manual of Spellcasting for 1360 gold pieces
 25319 | Orc:2    | Bought a manual of Throwing for 1360 gold pieces
 25685 | Orc:1    | Reached skill level 1 in Throwing
 27565 | D:13     | Found a gate to the Vaults.
 27580 | D:13     | Identified the ring "Baluow" {*Corrode rF++ MP+9 Int+7}
 27699 | D:13     | Gained mutation: Your hexes are more powerful. [demonic
                  | ancestry]
 27699 | D:13     | Reached XP level 16. HP: 124/131 MP: 23/29
 28003 | D:14     | Reached skill level 5 in Throwing
 28330 | D:14     | Reached skill level 15 in Dodging
 28330 | D:14     | Reached skill level 10 in Spellcasting
 28733 | D:14     | Noticed Frances
 28741 | D:14     | Killed Frances
 28987 | D:15     | Entered Level 15 of the Dungeon
 29590 | D:15     | Identified the +3 tower shield "Pulaopusy" {+Inv rElec rN+
                  | Int+2}
 29722 | D:15     | Found a staircase to the Depths.
 29733 | D:15     | Reached skill level 1 in Shields
 29995 | D:15     | Bought a scroll of enchant weapon for 90 gold pieces
 29995 | D:15     | Bought a scroll of teleportation for 36 gold pieces
 29995 | D:15     | Bought a scroll of fear for 48 gold pieces
 29999 | D:15     | Bought a smoking copper ring for 155 gold pieces
 29999 | D:15     | Identified the ring "Dinav" {rF+ rN+ Dex+3} (You bought it
                  | in a shop on level 15 of the Dungeon)
 29999 | D:15     | Bought a distressingly furry scarf for 310 gold pieces
 29999 | D:15     | Identified the scarf "Limpucs" {repulsion, Int+3} (You
                  | bought it in a shop on level 15 of the Dungeon)
 29999 | D:15     | Bought a lumpy amethyst potion for 27 gold pieces
 29999 | D:15     | Bought a scroll of teleportation for 93 gold pieces
 30215 | Elf:1    | Entered Level 1 of the Elven Halls
 30279 | Elf:1    | Noticed Azrael
 30324 | Elf:1    | Killed Azrael
 30362 | Elf:1    | Paralysed by an air elemental for 1 turns
 30375 | Elf:1    | Paralysed by an air elemental for 1 turns
 30375 | Elf:1    | HP: 1/133 [air elemental/stunning burst (21)]
 30376 | Elf:1    | Slain by an air elemental

Illustrated notes

Levels and vault maps discovered:
D:1:      giann_forest_graveyard, layout_basic, minmay_door_square,
          minmay_misc_feat_diagonals, chequers_serial_rivers_micro_a
D:2:      layout_basic, minmay_misc_feat_hallway
D:3:      layout_basic, general_overflow_altar, portal_sewer_entry_a,
          biasface_ghost_orc_armoury, serial_forest,
          infiniplex_forest_lined_room_2, infiniplex_forest_corner_2,
          infiniplex_forest_zigzag_1, infiniplex_forest_lined_2,
          infiniplex_forest_clump_double, infiniplex_forest_straight_4,
          infiniplex_forest_lined_2, uniq_crazy_yiuf_cottage
D:4:      layout_loops_ring, gup_ossuary_entry_pyramid, uniq_robin,
          uniq_grinder, uniq_edmund
D:5:      layout_cave_pods, chequers_temple_overflow_minitemple,
          uniq_blork_the_orc, uniq_eustachio
D:6:      layout_rooms, grunt_temple_overflow_lords_of_destruction,
          kennysheep_mini_moat, mainiacjoe_overflow_alcove_2,
          minmay_temple_entry_fiery, kennysheep_generic_room_12, uniq_sigmund
D:7:      layout_cave_pools, tso_altar, enter_bailey_4, serial_shops,
          nicolae_diamond_shop
D:8:      layout_rooms, lair_entry_dummy
D:9:      layout_cave_pools, nicolae_shop_i_like_big_books,
          kennysheep_small_square
D:10:     layout_loops_corners, minmay_orc_entry_temple_small, library_closet,
          serial_bayou_pond_b, st_stairs_6
D:11:     kennysheep_seaside_town, layout_cave_pools
D:12:     layout_rooms
D:13:     layout_roguey, hangedman_vaults_entry_quadrant_bands,
          minmay_misc_feat_four_crosses, hangedman_parallel_progression
D:14:     layout_basic, kennysheep_pointless_box, uniq_frances
D:15:     grunt_enter_depths_magical_seal, layout_rooms, serial_park_avenue1
Temple:   compressed_dpeg_triangle_lava_temple
Lair:1:   layout_regular_city, nicolae_lair_lakeside_cave, uniq_amaemon,
          uniq_nergalle
Lair:2:   nzn_winding_woodlands_stair_cross [nzn_winding_woodlands_5x15_jagged,
          nzn_winding_woodlands_center_garden,
          nzn_winding_woodlands_5x15_garden, nzn_winding_woodlands_hourglass,
          nzn_winding_woodlands_5x5_cross, nzn_winding_woodlands_5x15_eye,
          nzn_winding_woodlands_center_diamonds,
          nzn_winding_woodlands_5x15_twine], layout_misc_corridors
Lair:3:   layout_long_grid, nicolae_shoals_entry_roost,
          nicolae_spider_entry_lesser_pyramids, serial_bayou,
          serial_bayou_shore_a, serial_bayou_ford_a, serial_bayou_pond_c,
          serial_bayou_shore_b, serial_bayou_lagoon_b, minivault_24
Lair:4:   layout_long_grid, dpeg_slime_entry_enclosed, lemuel_fruit_tree
Lair:5:   hellmonk_lair_end_abyssal_woods, layout_cave_pods
Orc:1:    giant_chief_lemuel, layout_diamond_mine, basic_altar, uniq_gastronok,
          uniq_fannar
Orc:2:    st_orc_ogre_mass, layout_caves, basic_altar,
          nicolae_orc_crystal_geode, uniq_donald
Elf:1:    eino_elf_arrival_customs, layout_rooms, serial_shops,
          nicolae_shop_tiny_waterfront, minivault_28, grunt_megastairs_1,
          minmay_shoptagon, uniq_azrael

Skill      XL: |  1  2  3  4  5  6  7  8  9 10 11 12 13 14 15 16 |
---------------+-------------------------------------------------+-----
Armour         | 1 2 3 4 5 6 7 8 |  8.1
Maces & Flails | 2 3 4 5 6 7 8 9 11 12 | 12.2
Dodging        | 2 3 4 5 6 7 8 10 13 14 15 | 15.2
Translocations | 3 4 5 6 7 8 9 11 | 11.8
Fighting       | 3 4 5 6 7 8 9 10 12 13 14 | 14.2
Spellcasting   | 3 4 5 6 7 8 9 11 | 11.4
Transmutations | 2 3 |  3.0
Fire Magic     | 2 |  2.9
Poison Magic   | 3 |  3.2
Throwing       | 4 8 |  8.0
Shields        | 2 |  2.1

Action                     |  1- 3 |  4- 6 |  7- 9 | 10-12 | 13-15 | 16-18 || total
---------------------------+-------+-------+-------+-------+-------+-------++-------
  Melee: Mace              |   162 |   299 |   526 |   426 |       |       ||  1413
         Punch             |     2 |     6 |    13 |    10 |    11 |     3 ||    45
         Peck              |       |       |    66 |   162 |   240 |    67 ||   535
         Morningstar       |       |       |       |   100 |       |       ||   100
         Demon whip        |       |       |       |   170 |  1344 |   292 ||  1806
         Broad axe         |       |       |       |       |     2 |    53 ||    55
  Throw: Boomerang         |       |     1 |     3 |     1 |       |       ||     5
         Dart              |       |       |       |     8 |    10 |       ||    18
         Throwing net      |       |       |       |     1 |       |       ||     1
   Cast: Manifold Assault  |       |       |     3 |    14 |   182 |    55 ||   254
         Ignite Poison     |       |       |       |       |    68 |    15 ||    83
 Invoke: Potion Petition   |       |       |       |     2 |     3 |     1 ||     6
         Call Merchant     |       |       |       |       |       |     3 ||     3
  Evoke: Wand              |       |       |    22 |    21 |    20 |     3 ||    66
    Use: Scroll            |     5 |    10 |    12 |    12 |     6 |     2 ||    47
         Potion            |       |     9 |    11 |    17 |     5 |     1 ||    43
   Stab: Paralysed         |       |       |    31 |       |     6 |       ||    37
         Distracted        |       |       |       |     3 |     5 |       ||     8
         Petrified         |       |       |       |     4 |     7 |       ||    11
 Armour: Ring mail         |    81 |   136 |    48 |       |       |       ||   265
         Skin              |       |   100 |     6 |    15 |       |       ||   121
         Leather armour    |       |       |   159 |   326 |   174 |    38 ||   697
  Dodge: Dodged            |   129 |   181 |   418 |   596 |   629 |   152 ||  2105
         Repelled          |       |       |       |       |     7 |     1 ||     8
